 Dungeon Crawl Stone Soup version 0.18-a0-1057-g88203af (webtiles) character file.

127 Kristof the Conjurer (level 4, -2/24 HPs)
             Began as a Deep Elf Conjurer on Jan 12, 2016.
             Killed from afar by an orc wizard (9 damage)
             ... with a puff of frost
             ... on level 3 of the Dungeon.
             The game lasted 00:10:24 (3024 turns).

Kristof the Conjurer (Deep Elf Conjurer)            Turns: 3024, Time: 00:10:24

Health: -2/24      AC:  3    Str:  5    XL:     4   Next: 85%
Magic:  0/10       EV: 13    Int: 21    God:
Gold:   155        SH:  0    Dex: 15    Spells: 1 memorised, 8 levels left

rFire  . . .     SeeInvis .     (no weapon)
rCold  . . .     Gourm    .     a - +0 robe
rNeg   + . .     Faith    .     (no shield)
rPois  .         Spirit   .     e - +0 helmet
rElec  .         Dismiss  .     (no cloak)
rCorr  .         Reflect  .     (no gloves)
SustAt .         Harm     .     (no boots)
MR     .....                    l - amulet of regeneration
Stlth  ++........               (no ring)
                                m - ring of positive energy

@: not resistant to hostile enchantments, unstealthy
A: no striking features
a: no special abilities


You were on level 3 of the Dungeon.
You were not hungry.

You visited 1 branch of the dungeon, and saw 3 of its levels.

You collected 155 gold pieces.

Inventory:

Hand Weapons
 q - a +0 club
 r - a +0 dagger
Armour
 a - a +0 robe (worn)
 e - a +0 helmet (worn)
Jewellery
 l - an amulet of regeneration (around neck)
 m - a ring of positive energy (left hand)
Scrolls
 d - a scroll of random uselessness {unknown}
 f - 2 scrolls of enchant armour {unknown}
 g - a scroll of teleportation {unknown}
 i - 3 scrolls of amnesia {unknown}
 k - 5 scrolls of identify {unknown}
 n - a scroll of noise {unknown}
 o - a scroll of recharging {unknown}
 p - 2 scrolls of blinking {unknown}
 s - a scroll of enchant weapon {unknown}
 x - a scroll of fog {unknown}
Potions
 h - a potion of degeneration {unknown}
 t - a potion of ambrosia {unknown}
 u - a potion of lignification {unknown}
 w - 2 potions of heal wounds {unknown}
 z - a potion of curing {unknown}
Books
 b - a book of Conjurations

   Spells                             Type                      Level
   a - Magic Dart                     Conjuration                  1
   b - Searing Ray                    Conjuration                  2
   c - Dazzling Spray                 Conjuration/Hexes            3
   d - Fulminant Prism                Conjuration/Hexes            4
   e - Iskenderun's Mystic Blast      Conjuration                  4
   f - Iskenderun's Battlesphere      Conjuration/Charms           5
Comestibles
 c - a bread ration
 j - 3 fruits
 v - a meat ration


   Skills:
 - Level 2.4 Dodging
 - Level 2.4 Stealth
 - Level 3.0 Spellcasting
 + Level 6.8 Conjurations


You had 8 spell levels left.
You knew the following spells:

 Your Spells              Type           Power        Failure   Level  Hunger
a - Magic Dart            Conj           ####         1%          1    None


Dungeon Overview and Level Annotations

Branches:
Dungeon (3/15)

Altars:


Message History

The magic dart hits the orc.
You kill the orc!
An orc comes into view. It is wielding a club.
The orc wizard gestures at you while chanting.
The puff of frost hits you!
The orc wizard points at you and mumbles some strange words.
The puff of frost hits you! The orc wizard casts a spell at you.
The puff of flame hits you!
* * * LOW HITPOINT WARNING * * *
Casting: Magic Dart
Confirm with . or Enter, or press ? or * to list all spells.
Aiming: Magic Dart
Press: ? - help, Shift-Dir - straight line, f - orc wizard
Aim: an orc wizard, wielding a dagger and wearing a robe The magic dart hits the orc wizard.
The orc wizard is lightly wounded.
The orc wizard gestures at you while chanting.
The puff of frost hits you!
You die...

o.#......# #.#.####.# #.#.#
#.# #.#.# #.# #)#.# #.#
#.#.####.# #)#.#..#.#
###########.#.#..#.#
#....@...o.......#.#
#.#########.######.###
#.#......... #.#.####.##.
#.#.#.....#. #.#.#.#.#.#.
#.#.#.#.#.#.
#################.#.#.#.#.#.
#.................#.#.#.#.#.


You could see an orc wizard.

Vanquished Creatures
  An orc wizard (D:3)
  2 adders (D:2)
  A gnoll (D:1)
  An ooze (D:2)
  2 worms (D:2)
  2 giant geckos
  An orc (D:3)
  A ball python (D:2)
  2 giant cockroaches
  7 goblins
  4 hobgoblins
  8 jackals (D:1)
  5 kobolds
  A quokka (D:3)
  8 bats
  5 giant newts
  7 rats
58 creatures vanquished.

Notes
Turn   | Place    | Note
--------------------------------------------------------------
     0 | D:1      | Kristof the Deep Elf Conjurer began the quest for the Orb.
     0 | D:1      | Reached XP level 1. HP: 10/10 MP: 6/6
   285 | D:1      | Reached XP level 2. HP: 15/15 MP: 5/8
   321 | D:1      | Reached skill level 5 in Conjurations
   834 | D:1      | Reached XP level 3. HP: 19/19 MP: 0/9
  1847 | D:2      | Reached skill level 6 in Conjurations
  1908 | D:2      | Reached XP level 4. HP: 24/24 MP: 4/10
  3024 | D:3      | Killed from afar by an orc wizard

Vault maps used:
D:1:      minmay_arrival_four_houses, corexii_leaking_fountain,
          minmay_splitting_lines

Action                   |  1- 3 |  4- 6 || total
-------------------------+-------+-------++-------
Melee: Unarmed           |     4 |       ||     4
 Cast: Magic Dart        |    86 |    40 ||   126
  Eat: Chunk             |     3 |     3 ||     6
